 Dungeon Crawl Stone Soup version 0.30.0-18-gc0e69614cb (webtiles) character file.

Game seed: 1897242118857972234

2 CaptainMV the Poker (level 1, 0/22 HPs)
             Began as a Demonspawn Wanderer on May 25, 2023.
             Slain by a frilled lizard (2 damage)
             ... on level 1 of the Dungeon.
             The game lasted 00:01:40 (52 turns).

CaptainMV the Poker (Demonspawn Wanderer)             Turns: 52, Time: 00:01:40

Health: 0/22       AC: 20    Str: 12    XL:     1   Next: 33%
Magic:  2/2        EV:  2    Int: 12    God:
Gold:   11         SH:  0    Dex: 13    Spells: 1/2 levels left

rFire   . . .        a - +2 spear
rCold   . . .        (no shield)
rNeg    . . .        d - melded +0 robe
rPois   +            (helmet currently unavailable)
rElec   .            (cloak currently unavailable)
rCorr   .            (gloves currently unavailable)
SInv    .            (boots currently unavailable)
Will    .....        (no amulet)
Stlth   +            (no ring)
HPRegen 0.23/turn    (no ring)
MPRegen 0.08/turn

%: no passive effects
@: tree-form
A: stationary, stasis, torment immunity, boosted hp
a: no special abilities


You were on level 1 of the Dungeon.
You were a tree.
You visited 1 branch of the dungeon, and saw 1 of its levels.

You collected 11 gold pieces.

Inventory:

Hand Weapons
 a - a +2 spear (weapon)
Armour
 d - a +0 robe (melded)
Scrolls
 e - a scroll of poison {unknown}
Miscellaneous
 b - a piece from Xom's chessboard (13/15) (quivered)


   Skills:
 + Level 1.0 Fighting
 + Level 2.8 Polearms
 + Level 2.6 Armour
 + Level 0.3 Dodging
 + Level 1.0 Spellcasting
 + Level 1.0 Translocations
 + Level 1.0 Evocations


You had one spell level left.
You knew the following spells:

 Your Spells              Type           Power      Damage    Failure   Level
a - Apportation           Tloc           6%         N/A       21%         1

Your spell library contained the following spells:

 Spells                   Type           Power      Damage    Failure   Level
 Gell's Gravitas          Tloc           3%         N/A       52%         3


Dungeon Overview and Level Annotations

Branches:
Dungeon (1/15)

Altars:


Message History

Press: ? - help, Q - select action, (/) - cycle Dir - look around, f - activate You make a move on Xom's chessboard...
The frilled lizard twists and deforms.
The giant cockroach bites you. The ball python bites you.
The ball python misses you. The hobgoblin closely misses you.
The frilled lizard bites you.
You hit the hobgoblin.
The hobgoblin is heavily wounded.
The giant cockroach barely misses you. The ball python misses you.
The ball python barely misses you. The hobgoblin closely misses you.
The frilled lizard closely misses you. The giant cockroach closely misses you.
You hit the hobgoblin.
You kill the hobgoblin!
The ball python bites you. The ball python misses you.
The frilled lizard bites you.
* * * LOW HITPOINT WARNING * * *
The giant cockroach bites you.
* * * LOW HITPOINT WARNING * * *
The ball python bites you but does no damage.
The ball python grabs you. The ball python constricts you.
* * * LOW HITPOINT WARNING * * *
Really quaff the potion of lignification?
You turn into a tree.
Your +0 robe melds into your body.
Your roots penetrate the ground.
The giant cockroach bites you but does no damage.
The hobgoblin hits you but does no damage.
The frilled lizard bites you but does no damage.
The ball python bites you but does no damage.
The ball python constricts you.
You hit the ball python.
The ball python is heavily wounded.
The giant cockroach bites you but does no damage.
The ball python bites you but does no damage.
The ball python constricts you. The hobgoblin completely misses you.
The frilled lizard bites you but does no damage.
You hit the ball python.
You kill the ball python!
The giant cockroach bites you but does no damage.
The hobgoblin hits you but does no damage.
The frilled lizard bites you.
You die...

#.........#
#.........###
#........... #.........#
#.........##
#..........# #
#...>......##.####
#..........†......
#.........♣l......
#######........gB†......
........†...............
.######.########l.......
#..# #........ ###.###
#.#.#.### ##.....##
#.#.#.# ##.[.....##
#...# # ##.........##


You could see a giant cockroach, a hobgoblin and 2 frilled lizards.

Vanquished Creatures
  A ball python (D:1)
  A giant cockroach (D:1)
  A hobgoblin (D:1)
3 creatures vanquished.

Notes
Turn   | Place    | Note
-------+----------+-------------------------------------------
     0 | D:1      | CaptainMV the Demonspawn Wanderer began the quest for the
                  | Orb.
     0 | D:1      | CaptainMV set off with the following items: a +2 spear, a
                  | piece from Xom's chessboard (15/15), a potion of
                  | lignification, a +0 robe; and the following spell
                  | memorised: Apportation; and the following spells available
                  | to memorise: Gell's Gravitas.
     0 | D:1      | Reached XP level 1. HP: 15/15 MP: 2/2
    52 | D:1      | Slain by a frilled lizard

Illustrated notes

Levels and vault maps discovered:
D:1:      enne_arrival_octagon_isle, layout_rooms

Action                     || total
---------------------------++-------
  Melee: Spear             ||     8
  Evoke: Piece from Xom's  ||     2
    Use: Potion            ||     1
 Armour: Skin              ||     9
         Robe              ||     2
  Dodge: Dodged            ||    14
